 Dungeon Crawl Stone Soup version 0.31-a0-303-gdc8c9485ea (webtiles) character file.

Game seed: 1839873714532895435

91 Newt the Trooper (level 4, -1/37 HPs)
             Began as a Demonspawn Gladiator on July 16, 2023.
             Slain by Ijyb
             ... wielding a +1 dagger of speed
              (4 damage)
             ... on level 3 of the Dungeon.
             The game lasted 00:01:38 (1156 turns).

Newt the Trooper (Demonspawn Gladiator)             Turns: 1156, Time: 00:01:39

Health: -1/37      AC:  4    Str: 16    XL:     4   Next: 33%
Magic:  4/4        EV: 13    Int:  9    God:
Gold:   114        SH:  0    Dex: 15    Spells: 3/3 levels left

rFire   . . .        a - +0 rapier
rCold   . . .        (no shield)
rNeg    . . .        b - +0 leather armour
rPois   .            c - +0 helmet
rElec   .            (no cloak)
rCorr   .            (no gloves)
SInv    .            (no boots)
Will    .....        (no amulet)
Stlth   +            (no ring)
HPRegen 0.26/turn    (no ring)
MPRegen 0.18/turn

%: no passive effects
@: confused
A: powered by death 1, magic regeneration
a: no special abilities


You were on level 3 of the Dungeon.
You visited 1 branch of the dungeon, and saw 3 of its levels.

You collected 114 gold pieces.

Inventory:

Hand Weapons
 a - a +0 rapier (weapon)
Missiles
 d - a throwing net (quivered)
Armour
 b - a +0 leather armour (worn)
 c - a +0 helmet (worn)
Scrolls
 f - a scroll of teleportation


   Skills:
 - Level 4.0 Fighting
 - Level 2.6 Short Blades
 - Level 1.7 Throwing
 + Level 3.4 Dodging


You had 3 spell levels left.
You didn't know any spells.
Your spell library contained the following spells:

 Spells                   Type           Power      Damage    Failure   Level
 Animate Dead             Necr           0%         N/A       99%         4
 Borgnjor's Vile Clutch   Necr/Erth      0%         N/A       100%        5
 Death Channel            Necr           0%         N/A       100%        6


Dungeon Overview and Level Annotations

Branches:
Dungeon (3/15)

Altars:

Annotations:
D:3 Ijyb


Innate Abilities, Weirdness & Mutations

You regenerate a little health from kills.
You regenerate magic rapidly.


Message History

Ijyb closely misses you.
Unknown command.
Ijyb hits you but does no damage.
Ijyb zaps a wand.
Your will is overpowered!
You are more confused.
Ijyb hits you but does no damage.
Ijyb zaps a wand.
You resist with some effort.
You bump into a gravestone.
You're too confused to move!
Ijyb zaps a wand.
Your will is overpowered!
You are more confused.
Found a ruby potion.
Found a stone staircase leading up.
Ijyb zaps a wand.
You resist with some effort. Ijyb misses you.
You're too confused to move!
Ijyb zaps a wand.
You resist with some effort.
Ijyb screams, "No!
No, no, no, no!"
Ijyb hits you with a +1 dagger of speed.
* * * LOW HITPOINT WARNING * * *
Ijyb zaps a wand.
You resist with some effort.
You're too confused to move!
Ijyb hits you with a +1 dagger of speed.
* * * LOW HITPOINT WARNING * * *
Ijyb hits you with a +1 dagger of speed.
* * * LOW HITPOINT WARNING * * *
An adder skeleton comes into view.
Ijyb attacks as you move away! Ijyb completely misses you.
Ijyb screams, "It's all mine!"
Ijyb zaps a wand.
You resist with some effort. Ijyb attacks as you move away!
Ijyb hits you with a +1 dagger of speed.
* * * LOW HITPOINT WARNING * * *
You're too confused to aim your attacks!
You are too confused!
You're too confused to aim your attacks!
You hit Ijyb.
Ijyb is moderately wounded.
Ijyb hits you with a +1 dagger of speed.
* * * LOW HITPOINT WARNING * * *
Ijyb zaps a wand.
You resist with some effort.
You closely miss the adder skeleton. The adder skeleton misses you.
Ijyb hits you with a +1 dagger of speed.
You die...

#...###.##.###.. .
#....##......##.# ..
##...............#
...##................##
.....(................#
#..[.....8.........###
..#....................##
.......=.g...........†<..#
........Z@...8............
.P.#......................
..P)......................
P...##.(.≈.≈..............
...# ####≈.≈..............
### #≈.≈..............
#≈≈≈..............
##...###.......... #####
#....[.....


You could see Ijyb and an adder skeleton.

Vanquished Creatures
  Crazy Yiuf (D:2)
  An adder skeleton (D:3)
  An adder zombie (D:3)
  3 dart slugs (D:1)
  6 endoplasms
  2 giant cockroaches (D:1)
  5 goblins
  7 hobgoblins
  2 jackals (D:1)
  A quokka (D:1)
  4 ball pythons (D:1)
  A bat (D:1)
  6 frilled lizards
  A jackal skeleton (D:3)
  5 kobolds
  5 rats (D:1)
51 creatures vanquished.

Notes
Turn   | Place    | Note
-------+----------+-------------------------------------------
     0 | D:1      | Newt the Demonspawn Gladiator began the quest for the Orb.
     0 | D:1      | Reached XP level 1. HP: 16/16 MP: 1/1
    50 | D:1      | Gained mutation: You regenerate a little health from kills.
                  | [demonic ancestry]
    50 | D:1      | Reached XP level 2. HP: 22/23 MP: 2/2
   104 | D:1      | Reached skill level 3 in Fighting
   312 | D:1      | Reached XP level 3. HP: 28/29 MP: 3/3
   549 | D:1      | Reached skill level 4 in Fighting
   865 | D:2      | Found a runed translucent door.
   868 | D:2      | Noticed Crazy Yiuf
  1032 | D:2      | Killed Crazy Yiuf
  1033 | D:2      | Gained mutation: You regenerate magic rapidly. [demonic
                  | ancestry]
  1033 | D:2      | Reached XP level 4. HP: 37/37 MP: 4/4
  1122 | D:3      | Noticed Ijyb
  1156 | D:3      | Slain by Ijyb

Illustrated notes

Levels and vault maps discovered:
D:1:      onia_arrival_handbag, layout_rooms, grunt_decor_junction,
          hangedman_feature_mirror, columned_hall_lemuel
D:2:      layout_rooms, uniq_crazy_yiuf_cottage
D:3:      layout_rooms, serial_undead, serial_undead_c, serial_undead_d,
          serial_undead_f, serial_undead_a, serial_undead_a, serial_undead_c,
          serial_undead_a, serial_undead_e, gammafunk_ghost_necromancy,
          chequers_serial_rivers_micro_d, st_stairs_7, uniq_jessica, uniq_ijyb

Skill      XL: |  1  2  3 |
---------------+----------+-----
Fighting       | 3 4 |  4.0
Dodging        | 3 |  3.4
Short Blades   | |  2.6
Throwing       | |  1.7

Action                     |  1- 3 |  4- 6 || total
---------------------------+-------+-------++-------
  Melee: Rapier            |   134 |    31 ||   165
         Punch             |     1 |     1 ||     2
  Throw: Throwing net      |     1 |     1 ||     2
         Javelin           |       |     1 ||     1
    Use: Scroll            |     6 |       ||     6
         Potion            |       |     1 ||     1
   Stab: Sleeping          |     1 |       ||     1
 Armour: Leather armour    |    32 |    13 ||    45
  Dodge: Dodged            |    69 |    27 ||    96

Table legend: (Time is in decaauts)
 A = Elapsed time spent in this place.
 B = Non-inter-level travel time spent in this place.
 C = Inter-level travel time spent in this place.
 D = Time resting spent in this place.
 E = Time spent auto-exploring this place.
 F = Levels seen in this place.
 G = Mean time per level.
                   A        B        C        D        E       F      G
               +--------+--------+--------+--------+--------+-----+--------+
         Total |   1170 |   1142 |     28 |      0 |    816 |   3 |  390.0 |
       Dungeon |   1170 |   1142 |     28 |      0 |    816 |   3 |  390.0 |
               +--------+--------+--------+--------+--------+-----+--------+

Top non-repeatable levels by time:
     D:1: 599 daAuts
     D:2: 466 daAuts
     D:3: 104 daAuts
